[ AOE2 MATCH · #484651663 ]
1v1 RMKhmer vs Maya
Player's team · WIN
Rival team · LOSS
[ REPLAY ANALYSIS · EXTRACTED FROM THE RECORDED GAME ]
Feudal
9:17
Castle
19:17
Imperial
38:54
| APM avg | 33.9 |
| APM peak | 78 |
| eAPM avg | 15.5 |
| Villagers / military | 125 / 71 |
Focus
⚔️ 31.2% · 🌾 68.8%
Scout Cavalry ×30 · Knight ×21 · Scorpion ×17 · Monk ×1 · Mangonel ×1 · Ballista Elephant ×1
Feudal
9:35
Castle
23:14
Imperial
—
| APM avg | 81.2 |
| APM peak | 129 |
| eAPM avg | 30.6 |
| Villagers / military | 90 / 94 |
Focus
⚔️ 26.5% · 🌾 73.5%
Archer ×72 · Skirmisher ×9 · Monk ×4 · Militia ×3 · Spearman ×3 · Mangonel ×3
Match map
Initial resources + every placement click. Lines = walls · curves = elevation contours. ◆ gold · ⬟ stone · ● berries · ✦ relic · ◌ wall gap
Your base· Open — 3t gap
Thunderhawk's base· Open — 7t gap
Smoothed initial terrain · ◌ = detected wall gap · hover for details
Inputs per minute
— udansha - - Thunderhawk
Build order — udansha
First 150 of 337 actions detected
| 0:00 | Create | Villager (Male) |
| 0:01 | Create | Villager (Male) |
| 0:01 | Create | Villager (Male) |
| 0:03 | Build | House |
| 0:05 | Build | House |
| 0:20 | Create | Villager (Male) |
| 1:23 | Create | Villager (Male) |
| 2:02 | Create | Villager (Male) |
| 2:10 | Build | Lumber Camp |
| 2:22 | Create | Villager (Male) |
| 2:56 | Create | Villager (Male) |
| 2:57 | Create | Villager (Male) |
| 3:42 | Create | Villager (Male) |
| 3:43 | Create | Villager (Male) |
| 3:52 | Build | House |
| 3:53 | Build | House |
| 4:00 | Create | Villager (Male) |
| 4:45 | Create | Villager (Male) |
| 4:52 | Build | Mill |
| 5:20 | Create | Villager (Male) |
| 5:21 | Create | Villager (Male) |
| 5:57 | Create | Villager (Male) |
| 6:38 | Research | Loom |
| 7:07 | Research | Feudal Age |
| 7:34 | Create | Villager (Male) |
| 7:37 | Build | House |
| 7:39 | Build | Palisade Wall |
| 8:03 | Build | House |
| 8:05 | Build | Palisade Wall |
| 8:08 | Build | Palisade Wall |
| 8:15 | Build | House |
| 8:19 | Build | House |
| 8:59 | Build | House |
| 9:03 | Create | Villager (Male) |
| 9:17 | Age | Feudal Age |
| 9:19 | Build | Stable |
| 9:26 | Research | Double-Bit Axe |
| 9:28 | Research | Horse Collar |
| 9:38 | Create | Villager (Male) |
| 9:44 | Build | House |
| 9:47 | Build | Palisade Wall |
| 10:05 | Build | Farm |
| 10:12 | Create | Villager (Male) |
| 10:13 | Create | Scout Cavalry |
| 10:14 | Create | Scout Cavalry |
| 10:14 | Create | Scout Cavalry |
| 10:23 | Build | House |
| 10:27 | Build | Farm |
| 10:39 | Create | Villager (Male) |
| 10:48 | Build | Farm |
| 10:59 | Create | Villager (Male) |
| 11:05 | Build | House |
| 11:07 | Create | Scout Cavalry |
| 11:18 | Build | Farm |
| 11:28 | Create | Villager (Male) |
| 11:52 | Build | Watch Tower |
| 11:54 | Create | Villager (Male) |
| 12:00 | Build | Farm |
| 12:06 | Build | Farm |
| 12:18 | Build | Farm |
| 12:25 | Build | Farm |
| 12:34 | Create | Villager (Male) |
| 12:44 | Build | Farm |
| 12:48 | Build | Farm |
| 12:50 | Create | Villager (Male) |
| 12:56 | Create | Villager (Male) |
| 13:20 | Create | Villager (Male) |
| 13:26 | Build | Mining Camp |
| 13:29 | Create | Scout Cavalry |
| 13:30 | Create | Villager (Male) |
| 13:33 | Build | Farm |
| 13:36 | Build | Farm |
| 13:39 | Build | Farm |
| 13:41 | Create | Villager (Male) |
| 14:01 | Create | Villager (Male) |
| 14:06 | Create | Villager (Male) |
| 14:11 | Build | Farm |
| 14:22 | Create | Villager (Male) |
| 14:30 | Create | Scout Cavalry |
| 14:34 | Build | Farm |
| 15:08 | Build | Blacksmith |
| 15:23 | Create | Villager (Male) |
| 15:33 | Build | Palisade Gate |
| 15:51 | Build | Farm |
| 15:59 | Create | Villager (Male) |
| 16:09 | Build | House |
| 16:30 | Build | Farm |
| 16:34 | Build | Farm |
| 16:37 | Research | Castle Age |
| 16:47 | Build | Palisade Wall |
| 16:58 | Research | Gold Mining |
| 17:05 | Build | House |
| 17:09 | Build | Palisade Wall |
| 17:10 | Create | Villager (Male) |
| 17:29 | Create | Villager (Male) |
| 17:52 | Build | Stable |
| 17:58 | Research | Bloodlines |
| 18:07 | Research | Forging |
| 18:54 | Create | Villager (Male) |
| 18:57 | Build | Market |
| 19:17 | Age | Castle Age |
| 19:17 | Build | Palisade Gate |
| 19:19 | Create | Knight |
| 19:20 | Create | Knight |
| 19:25 | Research | Iron Casting |
| 19:29 | Create | Villager (Male) |
| 19:58 | Create | Villager (Male) |
| 20:11 | Create | Villager (Male) |
| 20:20 | Create | Knight |
| 20:20 | Create | Knight |
| 20:23 | Create | Villager (Male) |
| 20:28 | Build | Lumber Camp |
| 20:32 | Create | Knight |
| 20:35 | Create | Villager (Male) |
| 20:51 | Build | Siege Workshop |
| 20:57 | Research | Scale Barding Armor |
| 21:01 | Create | Villager (Male) |
| 21:09 | Create | Knight |
| 21:09 | Create | Knight |
| 21:25 | Research | Husbandry |
| 21:50 | Research | Bow Saw |
| 22:00 | Create | Scorpion |
| 22:03 | Build | Lumber Camp |
| 22:05 | Create | Villager (Male) |
| 22:14 | Create | Villager (Male) |
| 22:21 | Create | Villager (Male) |
| 22:42 | Create | Villager (Male) |
| 23:06 | Create | Knight |
| 23:07 | Create | Scorpion |
| 23:09 | Research | Chain Barding Armor |
| 23:29 | Build | Town Center |
| 23:38 | Create | Villager (Male) |
| 23:39 | Create | Villager (Male) |
| 23:39 | Create | Villager (Male) |
| 23:45 | Create | Scorpion |
| 23:48 | Build | Farm |
| 23:52 | Create | Villager (Male) |
| 23:53 | Create | Villager (Male) |
| 24:00 | Create | Knight |
| 24:04 | Create | Villager (Male) |
| 24:15 | Create | Scorpion |
| 24:17 | Create | Villager (Male) |
| 24:29 | Create | Villager (Male) |
| 24:34 | Build | House |
| 24:36 | Create | Villager (Male) |
| 24:45 | Create | Villager (Male) |
| 24:47 | Create | Scorpion |
| 24:49 | Create | Villager (Male) |
| 24:53 | Create | Villager (Male) |
| 24:56 | Create | Villager (Male) |
Build order — Thunderhawk
First 150 of 286 actions detected
| 0:01 | Create | Villager (Male) ×3 |
| 0:02 | Build | House |
| 0:04 | Build | House |
| 0:08 | Research | Loom |
| 0:23 | Create | Villager (Male) |
| 0:23 | Create | Villager (Male) |
| 0:23 | Create | Villager (Male) |
| 1:31 | Create | Villager (Male) |
| 1:57 | Create | Villager (Male) |
| 2:31 | Create | Villager (Male) |
| 2:31 | Create | Villager (Male) |
| 2:43 | Build | House |
| 2:46 | Create | Villager (Male) |
| 3:13 | Create | Villager (Male) |
| 3:34 | Create | Villager (Male) |
| 3:52 | Build | Lumber Camp |
| 3:58 | Create | Villager (Male) |
| 4:23 | Create | Villager (Male) |
| 4:31 | Build | House |
| 4:37 | Create | Villager (Male) |
| 5:30 | Create | Villager (Male) |
| 5:32 | Create | Villager (Male) |
| 6:01 | Build | Barracks |
| 6:09 | Create | Villager (Male) |
| 6:52 | Create | Villager (Male) |
| 7:26 | Research | Feudal Age |
| 7:33 | Build | Mill |
| 8:05 | Create | Militia |
| 8:31 | Create | Militia |
| 8:37 | Build | House |
| 9:01 | Create | Militia |
| 9:19 | Build | Palisade Wall |
| 9:35 | Age | Feudal Age |
| 9:37 | Build | Archery Range |
| 9:40 | Create | Villager (Male) |
| 9:41 | Research | Man-at-Arms (upgrade) |
| 10:11 | Build | Palisade Wall |
| 10:18 | Build | Farm |
| 10:20 | Build | Farm |
| 10:20 | Create | Villager (Male) |
| 10:21 | Create | Villager (Male) |
| 10:29 | Build | Palisade Wall |
| 10:45 | Create | Spearman |
| 10:58 | Create | Skirmisher |
| 11:09 | Build | Farm |
| 11:11 | Create | Villager (Male) |
| 11:25 | Build | Palisade Wall |
| 11:39 | Build | House |
| 11:45 | Build | Farm |
| 11:45 | Create | Villager (Male) |
| 11:55 | Create | Skirmisher |
| 12:17 | Build | Farm |
| 12:20 | Build | Farm |
| 12:21 | Create | Villager (Male) |
| 12:23 | Create | Skirmisher |
| 12:49 | Create | Villager (Male) |
| 12:53 | Build | House |
| 12:59 | Build | Farm |
| 13:12 | Create | Spearman |
| 13:21 | Create | Villager (Male) |
| 13:23 | Build | Farm |
| 13:28 | Build | House |
| 13:30 | Build | Palisade Wall |
| 13:34 | Build | Farm |
| 13:51 | Create | Villager (Male) |
| 13:52 | Create | Skirmisher |
| 14:04 | Build | Farm |
| 14:39 | Build | Mining Camp |
| 14:41 | Create | Villager (Male) |
| 14:42 | Create | Villager (Male) |
| 14:49 | Create | Skirmisher |
| 15:14 | Create | Spearman |
| 15:22 | Build | Farm |
| 15:23 | Create | Villager (Male) |
| 15:27 | Build | House |
| 15:33 | Create | Skirmisher |
| 15:47 | Create | Skirmisher |
| 15:54 | Create | Villager (Male) |
| 15:57 | Research | Double-Bit Axe |
| 16:11 | Create | Villager (Male) |
| 16:26 | Build | Lumber Camp |
| 16:37 | Build | Palisade Wall |
| 16:44 | Build | Palisade Wall |
| 16:47 | Build | Palisade Gate |
| 16:55 | Create | Skirmisher |
| 16:58 | Create | Villager (Male) |
| 17:00 | Create | Villager (Male) |
| 17:07 | Build | Palisade Wall |
| 17:28 | Build | Farm |
| 17:29 | Create | Villager (Male) |
| 17:46 | Build | Blacksmith |
| 17:53 | Create | Skirmisher |
| 17:58 | Create | Villager (Male) |
| 18:00 | Build | Farm |
| 18:29 | Build | House |
| 18:30 | Research | Fletching |
| 18:37 | Build | Archery Range |
| 18:46 | Create | Archer |
| 18:47 | Create | Archer |
| 19:16 | Build | Farm |
| 19:25 | Create | Archer |
| 19:40 | Create | Archer |
| 19:41 | Create | Archer |
| 19:42 | Create | Archer |
| 20:07 | Build | House |
| 20:07 | Build | House |
| 20:22 | Create | Archer |
| 20:23 | Create | Archer |
| 20:31 | Build | Farm |
| 20:34 | Research | Castle Age |
| 20:34 | Research | Castle Age |
| 20:53 | Build | Market |
| 20:57 | Build | Farm |
| 20:57 | Build | Farm |
| 21:05 | Create | Archer |
| 21:14 | Build | House |
| 21:32 | Research | Gold Mining |
| 21:32 | Research | Gold Mining |
| 21:40 | Create | Archer |
| 21:41 | Create | Archer |
| 22:04 | Build | Farm |
| 22:17 | Create | Archer |
| 22:17 | Create | Archer |
| 22:28 | Create | Archer |
| 22:28 | Create | Archer |
| 22:46 | Create | Archer |
| 22:46 | Create | Archer |
| 23:14 | Age | Castle Age |
| 23:23 | Research | Bodkin Arrow |
| 23:25 | Research | Crossbowman (upgrade) |
| 23:29 | Create | Villager (Male) |
| 23:29 | Create | Villager (Male) |
| 23:35 | Build | Town Center |
| 23:44 | Build | Farm |
| 23:46 | Create | Villager (Male) |
| 23:55 | Create | Archer |
| 23:55 | Create | Archer |
| 24:00 | Create | Villager (Male) |
| 24:23 | Create | Villager (Male) |
| 24:50 | Research | Bow Saw |
| 24:55 | Create | Villager (Male) |
| 25:00 | Research | Wheelbarrow |
| 25:03 | Create | Archer |
| 25:03 | Create | Archer |
| 25:18 | Create | Villager (Male) |
| 25:18 | Build | Farm |
| 25:26 | Build | Farm |
| 25:30 | Create | Villager (Male) |
| 25:37 | Create | Archer |
| 25:37 | Create | Archer |
Match timeline
| 6:01 | Thunderhawk · first_building Barracks |
| 7:39 | udansha · wall_segment Palisade Wall x5 |
| 8:05 | udansha · wall_segment Palisade Wall x2 |
| 8:08 | udansha · wall_segment Palisade Wall x10 |
| 9:17 | udansha · age_up feudal |
| 9:19 | udansha · first_building Stable |
| 9:19 | Thunderhawk · wall_segment Palisade Wall x5 |
| 9:35 | Thunderhawk · age_up feudal |
| 9:37 | Thunderhawk · first_building Archery Range |
| 9:47 | udansha · wall_segment Palisade Wall x1 |
| 10:11 | Thunderhawk · wall_segment Palisade Wall x6 |
| 10:29 | Thunderhawk · wall_segment Palisade Wall x3 |
| 11:25 | Thunderhawk · wall_segment Palisade Wall x15 |
| 13:30 | Thunderhawk · wall_segment Palisade Wall x1 |
| 16:37 | Thunderhawk · wall_segment Palisade Wall x4 |
| 16:44 | Thunderhawk · wall_segment Palisade Wall x6 |
| 16:47 | udansha · wall_segment Palisade Wall x1 |
| 17:07 | Thunderhawk · wall_segment Palisade Wall x1 |
| 17:09 | udansha · wall_segment Palisade Wall x7 |
| 19:17 | udansha · age_up castle |
| 20:13 | udansha · first_market_buy 100 stone |
| 20:51 | udansha · first_building Siege Workshop |
| 23:14 | Thunderhawk · age_up castle |
| 24:30 | Thunderhawk · first_market_sell 100 food |
| 25:36 | Thunderhawk · first_market_buy 100 wood |
| 26:10 | Thunderhawk · first_building Monastery |
| 26:28 | Thunderhawk · first_building Siege Workshop |
| 28:43 | udansha · first_building Monastery |
| 35:10 | udansha · first_building Castle |
| 37:03 | Thunderhawk · first_building Castle |
| 38:54 | udansha · age_up imperial |
| 39:08 | Thunderhawk · resign |
[ AI ANALYSIS · 1 CREDIT ]
What really happened in this match?
Wolo.gg analyzes every decision: build order, eco, micro, common mistakes by bracket. Personalized analysis on WhatsApp or Discord in 30 seconds.
Civ guide
Khmer
Map guide
Arabia
Perfil
udansha